 Dungeon Crawl Stone Soup version 0.27-a0-1273-gec92ba881d (webtiles) character file.

Game seed: 14213463037218599263

65 ZappyNine the Skirmisher (level 4, -2/41 HPs)
             Began as a Hill Orc Monk on June 11, 2021.
             Slain by Sigmund
             ... wielding a +0 scythe
              (4 damage)
             ... on level 2 of the Dungeon.
             The game lasted 00:01:41 (2435 turns).

ZappyNine the Skirmisher (Hill Orc Monk)            Turns: 2435, Time: 00:01:42

Health: -2/41      AC:  3    Str: 14    XL:     4   Next: 14%
Magic:  4/4        EV: 12    Int: 10    God:
Gold:   30         SH:  0    Dex: 13    Spells: 3/3 levels left

rFire    + . .     SeeInvis .   e - +0 war axe
rCold    . . .     Faith    .   (no shield)
rNeg     . . .     Spirit   .   b - +0 robe
rPois    .         Reflect  .   (no helmet)
rElec    .         Harm     .   (no cloak)
rCorr    .         Rampage  .   g - +0 pair of gloves
Will     .....                  (no boots)
Stlth    ++........             (no amulet)
HPRegen  0.13/turn              d - ring of protection from fire
MPRegen  0.09/turn              (no ring)

@: no status effects
A: no striking features
a: no special abilities


You were on level 2 of the Dungeon.
You visited 1 branch of the dungeon, and saw 2 of its levels.

You collected 30 gold pieces.

Inventory:

Hand Weapons
 a - a +0 hand axe
 e - a +0 war axe (weapon)
Armour
 b - a +0 robe (worn)
 g - a +0 pair of gloves (worn)
Jewellery
 d - a ring of protection from fire (left hand)
 f - a ring of fire
Scrolls
 c - a scroll of fear {unknown}
Potions
 h - a potion of haste {unknown}


   Skills:
 + Level 4.5 Fighting
 - Level 4.0 Axes
 + Level 2.0 Armour
 - Level 3.0 Dodging
 - Level 1.5 Stealth


You had 3 spell levels left.
You didn't know any spells.
Your spell library was empty.

Dungeon Overview and Level Annotations

Branches:
Dungeon (2/15)

Altars:

Annotations:
D:2 Sigmund


Message History

No target in view!
No target in view!
You see here a frilled lizard corpse.
You see here 22 arrows.
A ball python comes into view.
There are monsters nearby!
There are monsters nearby!
You barely miss Sigmund. Sigmund barely misses you.
You slash Sigmund!
Sigmund is moderately wounded.
Sigmund hits you with a +0 scythe.
Unknown command.
You slash Sigmund!
Sigmund is severely wounded.
Sigmund hits you with a +0 scythe.
Sigmund gestures wildly while chanting.
Sigmund flickers and vanishes!
Deactivating autopickup; reactivate with Ctrl-A.
Unknown command.
You miss something.
The ball python hisses angrily.
A rat comes into view.
Something hits you.
The rat moves out of view.
You closely miss something. Something hits you.
Unknown command.
Unknown command.
You closely miss something. Something hits you!
You hear some strange, mumbled words.
A magic dart appears from out of thin air!
The magic dart hits you!
* * * LOW HITPOINT WARNING * * *
Unknown command.
You barely miss something. Something hits you!
* * * LOW HITPOINT WARNING * * *
The ball python closely misses you. The ball python barely misses you.
Unknown command.
You slash the ball python!
You kill the ball python!
You hit something. Something hits you.
You die...

# ## .# .. ## ###. #.
.. ... #. ..#.. #. ...
#. #.# ##{###########
##.###.#.#
#..@....(....#####
...).@..#
#...######.......>###
########.#
#....######.##.###..).
#.##.........##.#
#.#.. ..
#.#######†##†###.#.# .
#..............#.#.#
........#..#.#.#.#.#
#.#####.............
###..#.#.#...#


There were no monsters in sight!

Vanquished Creatures
  Natasha (D:2)
  2 dart slugs (D:1)
  4 bats
  2 endoplasms (D:1)
  2 giant cockroaches
  5 goblins (D:1)
  2 hobgoblins (D:2)
  4 jackals (D:2)
  A quokka (D:1)
  5 ball pythons
  3 frilled lizards
  4 kobolds
35 creatures vanquished.

Notes
Turn   | Place    | Note
-------+----------+-------------------------------------------
     0 | D:1      | ZappyNine the Hill Orc Monk began the quest for the Orb.
     0 | D:1      | Reached XP level 1. HP: 19/19 MP: 1/1
   434 | D:1      | Reached XP level 2. HP: 27/27 MP: 2/2
   456 | D:1      | Reached skill level 1 in Armour
   878 | D:1      | Found a faded altar of an unknown god.
   916 | D:1      | Reached XP level 3. HP: 24/33 MP: 3/3
  1452 | D:2      | Noticed Sigmund
  2175 | D:2      | Noticed Natasha
  2179 | D:2      | Killed Natasha
  2183 | D:2      | Reached XP level 4. HP: 39/41 MP: 4/4
  2434 | D:2      | HP: 2/41 [something (7)]
  2435 | D:2      | Slain by Sigmund

Illustrated notes

Levels and vault maps discovered:
D:1:      roderic_crop_circles_arrival_small, layout_basic,
          basic_ecumenical_altar, minmay_tromino_v7
D:2:      layout_loops_ring, uniq_natasha, uniq_sigmund, uniq_crazy_yiuf_cottage

Skill      XL: |  1  2  3  4 |
---------------+-------------+-----
Fighting       | 4 |  4.5
Armour         | 1 2 |  2.0
Dodging        | 3 |  3.0
Axes           | |  4.0
Stealth        | |  1.5

Action                   |  1- 3 |  4- 6 || total
-------------------------+-------+-------++-------
Melee: Hand axe          |    36 |       ||    36
       War axe           |    30 |    32 ||    62
 Stab: Sleeping          |     5 |     1 ||     6
Armor: Robe              |     8 |     8 ||    16
Dodge: Dodged            |    37 |    19 ||    56

Table legend: (Time is in decaauts)
 A = Elapsed time spent in this place.
 B = Non-inter-level travel time spent in this place.
 C = Inter-level travel time spent in this place.
 D = Time resting spent in this place.
 E = Time spent auto-exploring this place.
 F = Levels seen in this place.
 G = Mean time per level.
                   A        B        C        D        E       F      G
               +--------+--------+--------+--------+--------+-----+--------+
         Total |   2461 |   2435 |     26 |    659 |   1468 |   2 | 1230.5 |
       Dungeon |   2461 |   2435 |     26 |    659 |   1468 |   2 | 1230.5 |
               +--------+--------+--------+--------+--------+-----+--------+

Top non-repeatable levels by time:
     D:1: 2117 daAuts
     D:2: 344 daAuts
